 Dungeon Crawl Stone Soup version 0.24.0-10-g970556be89 (webtiles) character file.

Game seed: 4057148342107611544, levelgen mode: deterministic

122842 DavidChitty2 the Warrior (level 16, 0/157 HPs)
             Began as a Minotaur Fighter on Nov 4, 2019.
             Was the Champion of Okawaru.
             Slain by Bai Suzhen (11 damage)
             ... on level 3 of the Snake Pit.
             The game lasted 00:41:03 (26886 turns).

DavidChitty2 the Warrior (Minotaur Fighter)        Turns: 26886, Time: 00:41:03

Health: 0/157      AC: 30    Str: 29    XL:     16   Next: 35%
Magic:  0/30       EV: 10    Int:  7    God:    Okawaru [******]
Gold:   329        SH: 24    Dex: 12    Spells: 15/15 levels left

rFire    + + .     SeeInvis +   a - +11 war axe "Eryveg" {freeze, Str+3 Int+2}
rCold    + + +     Gourm    .   Z - +0 large shield {rPois}
rNeg     + . .     Faith    .   g - +6 plate armour "Kotet" {rC+ rN+}
rPois    +         Spirit   +   x - +0 mask of the Dragon {MR+ Slay+3 SInv}
rElec    +         Reflect  .   V - scarf {rC+ rF+}
rCorr    +         Harm     .   T - +1 pair of gloves
MR       +++..                  E - +0 pair of boots {Stlth+}
Stlth    ..........             W - amulet of guardian spirit
HPRegen  0.36/turn              l - ring of protection from magic
MPRegen  0.22/turn              R - ring of magical power

@: resistant, heroism, very slightly contaminated, studying Fighting, very slow
A: retaliatory headbutt, horns 2
a: Heroism, Finesse, Renounce Religion


You were on level 3 of the Snake Pit.
You worshipped Okawaru.
Okawaru was exalted by your worship.
You were near starving.

You visited 5 branches of the dungeon, and saw 27 of its levels.
You also visited: Sewer, Ossuary, Gauntlet and Volcano.

You collected 2585 gold pieces.
You spent 2256 gold pieces at shops.

Inventory:

Hand Weapons
 a - the +11 war axe "Eryveg" (weapon) {freeze, Str+3 Int+2}
   (Okawaru gifted it to you on level 2 of the Snake Pit)

   It has been specially enchanted to freeze those struck by it, causing extra
   injury to most foes and up to half again as much damage against particularly
   susceptible opponents.
   It can also slow down cold-blooded creatures.
   It affects your strength (+3).
   It affects your intelligence (+2).
 b - a +1 whip of electrocution
   (You took it off Pikel on level 5 of the Dungeon)
 H - a +0 broad axe
   (You took it off a death knight on level 14 of the Dungeon)
Missiles
 y - 4 throwing nets (quivered) {!f}
Armour
 g - the +6 plate armour "Kotet" (worn) {rC+ rN+}
   (You bought it in a shop on level 13 of the Dungeon)

   It protects you from cold.
   It protects you from negative energy.
 x - the +0 mask of the Dragon (worn) {MR+ Slay+3 SInv}
   (You bought it in a shop on level 13 of the Dungeon)

   It affects your accuracy and damage with ranged weapons and melee attacks
   (+3).
   It affects your resistance to hostile enchantments.
   It lets you see invisible.
 E - a +0 pair of boots of stealth (worn)
   (You bought it in a shop on level 13 of the Dungeon)
 T - a +1 pair of gloves (worn)
   (You found it on level 4 of the Lair of Beasts)
 V - a scarf of resistance (worn)
   (Okawaru gifted it to you in a Gauntlet)
 Z - a +0 large shield of poison resistance (worn)
   (You took it off a minotaur in a Gauntlet)
Jewellery
 f - an uncursed ring of positive energy
   (You found it on level 4 of the Dungeon)
 l - a ring of protection from magic (left hand)
   (You found it on level 8 of the Dungeon)
 o - an uncursed ring of protection from cold
   (You took it off an orc wizard on level 10 of the Dungeon)
 w - an uncursed ring of fire
   (You found it on level 5 of the Dungeon)
 M - an uncursed ring of resist corrosion
   (You found it on level 9 of the Dungeon)
 P - an uncursed ring of protection from magic
   (You found it on level 2 of the Lair of Beasts)
 R - a ring of magical power (right hand)
   (You found it in a Gauntlet)
 W - an amulet of guardian spirit (around neck)
   (You found it on level 12 of the Dungeon)
Wands
 c - a wand of disintegration (11)
   (You found it on level 1 of the Snake Pit)
 d - a wand of iceblast (15)
   (You found it on level 8 of the Dungeon)
 j - a wand of polymorph (13)
   (You found it on level 7 of the Dungeon)
 t - a wand of flame (25)
   (You found it on level 7 of the Dungeon)
 u - a wand of paralysis (11)
   (You found it on level 10 of the Dungeon)
 v - a wand of digging (3)
   (You found it on level 9 of the Dungeon)
 z - a wand of scattershot (10)
   (You took it off Ijyb on level 5 of the Dungeon)
Scrolls
 i - a scroll of fear
 k - 12 scrolls of enchant armour
 m - 5 scrolls of immolation {!r}
 r - 3 scrolls of fog
 s - 12 scrolls of teleportation {@r4}
 C - 4 scrolls of enchant weapon
 D - 11 scrolls of identify {@r1}
 G - 17 scrolls of remove curse {@r2}
 N - 4 scrolls of blinking
 S - a scroll of magic mapping
Potions
 h - 2 potions of berserk rage
 n - 8 potions of lignification {!q}
 p - 8 potions of flight
 q - 10 potions of curing {@q1}
 A - 3 potions of resistance
 B - 3 potions of agility
 F - 4 potions of might
 I - a potion of cancellation
 J - 4 potions of brilliance
 K - 3 potions of magic
 O - 3 potions of invisibility
 Q - 3 potions of haste {@q3}
Books
 L - a manual of Fighting {!d}
   (You found it in a Gauntlet)
Miscellaneous
 U - a phantom mirror
Comestibles
 e - 35 rations {!d}


   Skills:
 + Level 18.3(23.3) Fighting
 - Level 18.0(23.0) Axes
 + Level 16.3(21.3) Armour
 + Level 16.2(21.2) Shields
 - Level 8.0 Invocations


You had 15 spell levels left.
You didn't know any spells.
Your spell library contained the following spells:

 Spells                   Type           Power        Failure   Level  Hunger
 Animate Skeleton         Necr           N/A          96%         1    ##.....
 Beastly Appendage        Tmut           #.....       96%         1    ##.....
 Confusing Touch          Hex            #.....       96%         1    ##.....
 Corona                   Hex            #......      96%         1    ##.....
 Pain                     Necr           #...         96%         1    ##.....
 Summon Small Mammal      Summ           #...         96%         1    ##.....
 Call Imp                 Summ           #.......     99%         2    ###....
 Ensorcelled Hibernation  Hex/Ice        #.....       99%         2    ###....
 Sticks to Snakes         Tmut           #.......     99%         2    ###....
 Call Canine Familiar     Summ           #.......     100%        3    ####...
 Confuse                  Hex            #.......     100%        3    ####...
 Dazzling Spray           Conj/Hex       #.....       100%        3    ####...
 Gell's Gravitas          Tloc           #.........   100%        3    ####...
 Ignite Poison            Fire/Tmut/Pois #.......     100%        3    ####...
 Regeneration             Chrm/Necr      #.........   100%        3    ####...
 Spider Form              Tmut/Pois      #.........   100%        3    ####...
 Summon Guardian Golem    Hex/Summ       #.......     100%        3    ####...
 Tukima's Dance           Hex            #.......     100%        3    ####...
 Vampiric Draining        Necr           #.........   100%        3    ####...
 Animate Dead             Necr           N/A          100%        4    #####..
 Ice Form                 Ice/Tmut       #.......     100%        4    #####..
 Petrify                  Tmut/Erth      #.......     100%        4    #####..
 Summon Ice Beast         Ice/Summ       #.......     100%        4    #####..
 Summon Lightning Spire   Summ/Air       #.......     100%        4    #####..
 Blade Hands              Tmut           #.........   100%        5    ######.
 Fireball                 Conj/Fire      #.........   100%        5    ######.
 Metabolic Englaciation   Hex/Ice        #.........   100%        5    ######.
 Yara's Violent Unravell  Hex/Tmut       #.........   100%        5    ######.
 Bolt of Fire             Conj/Fire      #.........   100%        6    #######
 Ring of Flames           Chrm/Fire      #.........   100%        7    #######
 Ignition                 Fire           #.........   100%        8    #######


Dungeon Overview and Level Annotations

Branches:
Dungeon (15/15)            Temple (1/1) D:7            Lair (6/6) D:11
 Shoals (0/4) Lair:4        Snake (3/4) Lair:3        Slime (0/5) Lair:6
    Orc (2/2) D:12            Elf (0/3) Orc:2        Vaults (0/5) D:13
 Depths (0/5) D:15          Sewer (visited)         Ossuary (visited)
Volcano (visited)         Gauntlet (visited)

Altars:
Ashenzari
Cheibriados
Dithmenos
Elyvilon
Fedhas
Gozag
Hepliaklqana
Kikubaaqudgha
Makhleb
Nemelex Xobeh
Okawaru
Qazlal
Ru
Sif Muna
Trog
Uskayaw
Vehumet
Wu Jian
Xom
Yredelemnul
Zin
The Shining One

Shops:
D:13 =:[[   Orc:2 **!(

Annotations:
D:4 2 transporters, Chainwhirler's ghost, amateur TeAE
D:10 2 runed translucent doors
D:15 3 runed translucent doors, Kosokkaobo's ghost, journeyman DsGl
Lair:2 3 runed translucent doors, Cato's ghost, journeyman DECj; Haraddelas's ghost, journeyman OpTm; Pechyafi's ghost, journeyman DDEE
Lair:4 1 runed translucent door, Nubia's ghost, journeyman GnEn
Lair:5 3 runed translucent doors, Qoypruj's ghost, journeyman MiGl
Snake:2 1 runed translucent door, Roxanne
Snake:3 Bai Suzhen


Innate Abilities, Weirdness & Mutations

You reflexively headbutt those who attack you in melee.
You have a pair of horns on your head.


Message History

Splash!
You fall into the shallow water.
Moving in this stuff is going to be slow.
You hear an angry hiss.
You feel more confident with your borrowed prowess.
Bai Suzhen roars!
A violent storm begins to rage around Bai Suzhen.
You hit Bai Suzhen but do no damage. You headbutt Bai Suzhen.
You are standing in a thunderstorm.
Bai Suzhen bites you!
* * * LOW HITPOINT WARNING * * *
Bai Suzhen claws you but does no damage.
Bai Suzhen closely misses you.
Your unstable footing causes you to fumble your attack.
You are standing in a thunderstorm.
You slash Bai Suzhen! You freeze Bai Suzhen.
You are standing in a thunderstorm.
Bai Suzhen breathes water at you. You block the torrent of water.
The wave splashes down.
You hear an angry hiss.
You slash Bai Suzhen! You freeze Bai Suzhen.
You headbutt Bai Suzhen, but do no damage.
You block Bai Suzhen's attack. x2; Bai Suzhen barely misses you.
You slash Bai Suzhen! You freeze Bai Suzhen.
You headbutt Bai Suzhen, but do no damage.
You are standing in a thunderstorm.
Bai Suzhen bites you.
* * * LOW HITPOINT WARNING * * *
You block Bai Suzhen's attack. x2
You slash Bai Suzhen! You freeze Bai Suzhen. You headbutt Bai Suzhen.
You are standing in a thunderstorm.
You barely miss Bai Suzhen.
You are standing in a thunderstorm.
Bai Suzhen breathes water at you. You block the torrent of water.
The wave splashes down.
Your unstable footing causes you to fumble your attack.
You are standing in a thunderstorm.
You block Bai Suzhen's attack.
Bai Suzhen claws you but does no damage.
You block Bai Suzhen's attack.
You slash Bai Suzhen!
You headbutt Bai Suzhen, but do no damage.
You are standing in a thunderstorm.
Your unstable footing causes you to fumble your attack.
You block Bai Suzhen's attack.
Bai Suzhen claws you but does no damage.
You block Bai Suzhen's attack.
You slash Bai Suzhen! You freeze Bai Suzhen.
You headbutt Bai Suzhen, but do no damage.
You are standing in a thunderstorm.
You block Bai Suzhen's attack. Bai Suzhen completely misses you.
You block Bai Suzhen's attack.
You hit Bai Suzhen but do no damage. You headbutt Bai Suzhen!
You are standing in a thunderstorm.
Bai Suzhen bites you!
You die...

##D##
##.##
##.##
##.##
##.##
##.##
#.##
##D##
##@#
##≈#
#.#
#.#
#.#
#.#
##


You could see Bai Suzhen.

Vanquished Creatures
  Kirke (D:12)
  3 nagarajas
  A stone giant (Orc:2)
  A dire elephant (D:15)
  Nessos (D:15)
  A minotaur (Gauntlet)
  A death ooze (Gauntlet)
  Josephine (D:15)
  An ogre mage (D:13)
  9 hydras
  A catoblepas (Lair:5)
  A death knight (D:14)
  3 anacondas
  2 centaur warriors
  8 naga warriors
  11 two-headed ogres
  An orc high priest (Orc:2)
  Urug (D:11)
  4 shock serpents
  6 naga sharpshooters
  A sun demon (Volcano)
  A death yak (Lair:5)
  5 skeletal warriors
  A hell knight (Volcano)
  A salamander mystic (Snake:1)
  A fire crab (Gauntlet)
  A flayed ghost (D:15)
  An unseen horror (D:10)
  A naga ritualist (Snake:1)
  A wizard (Gauntlet)
  Pikel (D:5)
  An orc knight (D:15)
  2 cyclopes
  10 ugly things
  5 orc sorcerers (Orc:2)
  8 salamanders
  A mana viper (Snake:1)
  3 wolf spiders
  2 manticores
  An elephant (D:11)
  4 guardian serpents
  Psyche (D:9)
  2 molten gargoyles (Volcano)
  4 naga magi
  24 black mambas
  2 gargoyles
  An eye of devastation (Lair:6)
  15 spiny frogs
  5 komodo dragons
  3 kobold demonologists (D:14)
  5 rime drakes
  A freezing wraith (D:14)
  3 red devils (Volcano)
  4 trolls
  5 polar bears
  3 hornets
  A meliai zombie (D:15)
  4 dream sheep (Lair:6)
  9 hippogriffs
  4 redbacks (Lair:6)
  2 vampires
  A shadow (D:14)
  39 yaks
  15 wyverns
  4 hogs (D:12)
  3 basilisks
  7 wraiths
  3 hungry ghosts (D:15)
  12 fire bats
  5 vampire mosquitoes
  Menkaure (D:4)
  25 nagas
  Edmund (D:6)
  A warg (Orc:2)
  19 water moccasins
  An acid dragon (D:14)
  Duvessa (D:4)
  3 hell hounds (Gauntlet)
  6 sky beasts
  10 porcupines
  7 ice beasts
  4 black bears
  2 hornet zombies
  25 orc warriors
  11 ogres
  A phantom (D:11)
  2 necrophages
  2 eyes of draining
  14 wolves
  15 centaurs
  10 crocodiles
  A big kobold (shapeshifter) (D:14)
  3 big kobolds
  23 bullfrogs
  2 wyvern skeletons
  9 scorpions
  Dowan (D:4)
  4 wights
  3 killer bees (D:9)
  2 howler monkeys (D:8)
  6 lava snakes (Volcano)
  A centaur zombie (Ossuary)
  2 crimson imps
  4 jellies
  3 quasits
  3 bullfrog zombies
  31 orc priests
  12 hounds
  5 human zombies (Ossuary)
  Crazy Yiuf (D:2)
  4 bullfrog skeletons
  2 centaur skeletons (D:6)
  46 orc wizards
  Ijyb (D:5)
  An iguana (D:13)
  8 worker ants
  4 hell rats (Lair:6)
  4 big kobold zombies (Ossuary)
  A hound skeleton (D:6)
  3 mummies (Ossuary)
  Robin (D:2)
  8 gnolls
  2 scorpion zombies (Ossuary)
  12 adders
  A river rat (Sewer)
  4 shadow imps
  3 oozes
  2 adder skeletons
  5 worms
  3 leopard geckos
  84 orcs
  9 giant cockroaches
  20 goblins
  12 hobgoblins
  15 jackals
  8 quokkas
  2 ball pythons
  A ball python skeleton (D:4)
  5 bats
  7 frilled lizards
  2 gnoll zombies (Ossuary)
  A hobgoblin zombie (Ossuary)
  27 kobolds
  3 kobold zombies (Ossuary)
  A leopard gecko skeleton (D:6)
  2 orc zombies (Ossuary)
  A quokka skeleton (D:5)
  12 rats
  5 fungi
  11 plants
917 creatures vanquished.

Vanquished Creatures (others)
  A jelly (D:10)
  An orc (D:13)
  8 fungi
  8 plants
  7 withered plants
25 creatures vanquished.

Grand Total: 942 creatures vanquished

Notes
Turn   | Place    | Note
-------+----------+-------------------------------------------
     0 | D:1      | DavidChitty2 the Minotaur Fighter began the quest for the
                  | Orb.
     0 | D:1      | Reached XP level 1. HP: 19/19 MP: 0/0
   122 | D:1      | Reached XP level 2. HP: 27/27 MP: 1/1
   229 | D:1      | Reached XP level 3. HP: 33/33 MP: 2/2
   665 | D:2      | Reached XP level 4. HP: 38/40 MP: 3/3
   914 | D:2      | Noticed Robin
   936 | D:2      | Killed Robin
  1155 | D:2      | Found a runed translucent door.
  1156 | D:2      | Noticed Crazy Yiuf
  1163 | D:2      | Killed Crazy Yiuf
  1163 | D:2      | Reached XP level 5. HP: 36/47 MP: 4/4
  1895 | D:4      | Noticed Menkaure
  1899 | D:4      | Killed Menkaure
  1899 | D:4      | Reached skill level 5 in Fighting
  1899 | D:4      | Reached skill level 5 in Axes
  1899 | D:4      | Reached skill level 5 in Armour
  1899 | D:4      | Reached XP level 6. HP: 30/56 MP: 5/5
  2194 | D:4      | Found a glowing drain.
  2198 | Sewer    | Entered a sewer
  2202 | Sewer    | Reached skill level 5 in Shields
  2460 | Sewer    | Found a white marble altar of Elyvilon.
  2612 | D:4      | Noticed Chainwhirler's ghost (amateur TeAE)
  2624 | D:4      | Found a transporter.
  2639 | D:4      | Found a transporter.
  2914 | D:4      | Noticed Duvessa
  2914 | D:4      | Noticed Dowan
  2922 | D:4      | Killed Dowan
  2927 | D:4      | Killed Duvessa
  2927 | D:4      | Reached XP level 7. HP: 17/61 MP: 6/6
  3301 | D:5      | Entered Level 5 of the Dungeon
  3444 | D:5      | Noticed Pikel
  3471 | D:5      | Killed Pikel
  3471 | D:5      | Reached XP level 8. HP: 44/71 MP: 7/7
  3593 | D:5      | Found a hazy altar of Hepliaklqana.
  3593 | D:5      | Found a shimmering altar of Xom.
  3600 | D:5      | Found a stormy altar of Qazlal.
  3600 | D:5      | Found a snail-covered altar of Cheibriados.
  3600 | D:5      | Found an ancient bone altar of Kikubaaqudgha.
  3600 | D:5      | Found a sparkling altar of Nemelex Xobeh.
  3605 | D:5      | Found a sacrificial altar of Ru.
  3959 | D:5      | Noticed Ijyb
  3967 | D:5      | Killed Ijyb
  4418 | D:6      | Reached XP level 9. HP: 76/79 MP: 8/8
  4504 | D:6      | Noticed Edmund
  4541 | D:6      | Killed Edmund
  4734 | D:6      | Found a burning altar of Makhleb.
  4983 | D:6      | Found an ornate altar of the Wu Jian Council.
  5235 | D:7      | Found a bloodstained altar of Trog.
  5343 | D:7      | Reached skill level 10 in Axes
  5529 | D:7      | Found a staircase to the Ecumenical Temple.
  5861 | D:8      | Found a sand-covered staircase.
  5869 | Ossuary  | Entered an ossuary
  6001 | Ossuary  | Reached XP level 10. HP: 89/90 MP: 9/9
  7041 | Temple   | Entered the Ecumenical Temple
  7222 | Temple   | Became a worshipper of Warmaster Okawaru
  7314 | D:9      | Noticed a gargoyle
  7324 | D:9      | Killed a gargoyle
  7343 | D:9      | Reached skill level 1 in Invocations
  7344 | D:9      | Noticed a two-headed ogre
  7351 | D:9      | Killed a two-headed ogre
  7351 | D:9      | Reached * piety under Okawaru
  7616 | D:9      | Noticed a two-headed ogre
  7620 | D:9      | Killed a two-headed ogre
  7620 | D:9      | Reached ** piety under Okawaru
  7669 | D:9      | You fall into a shaft and drop 2 floors!
  7670 | D:11     | Noticed a cyclops
  7695 | D:11     | Killed a cyclops
  7742 | D:11     | Noticed Urug
  7749 | D:10     | Entered Level 10 of the Dungeon
  8185 | D:9      | Reached XP level 11. HP: 99/99 MP: 12/12
  8191 | D:9      | Got a fine short sword
  8296 | D:9      | Reached *** piety under Okawaru
  8306 | D:9      | Noticed Psyche
  8311 | D:9      | Killed Psyche
  8331 | D:9      | Noticed a two-headed ogre
  8338 | D:9      | Killed a two-headed ogre
  8549 | D:9      | Found a white marble altar of Elyvilon.
  8549 | D:9      | Found a glowing golden altar of the Shining One.
  8556 | D:9      | Found a glowing silver altar of Zin.
  8987 | D:10     | Reached skill level 10 in Fighting
  9045 | D:10     | Reached skill level 10 in Armour
  9095 | D:10     | Killed an unseen horror
  9095 | D:10     | Reached **** piety under Okawaru
  9381 | D:10     | Found a large runed translucent door.
  9381 | D:10     | Found a large runed translucent door.
  9689 | D:11     | Found the +7 captain's cutlass {speed, disarm}
  9731 | D:11     | Killed Urug
  9731 | D:11     | Reached skill level 10 in Shields
  9866 | D:11     | Found a staircase to the Lair.
 10019 | D:11     | Reached ***** piety under Okawaru
 10245 | D:11     | Noticed a two-headed ogre
 10256 | D:11     | Killed a two-headed ogre
 10752 | Lair:1   | Entered Level 1 of the Lair of Beasts
 11248 | Lair:1   | Noticed an eight-headed hydra
 11260 | Lair:1   | Killed an eight-headed hydra
 11260 | Lair:1   | Reached skill level 5 in Invocations
 11390 | Lair:1   | Reached XP level 12. HP: 96/108 MP: 14/14
 11453 | Lair:1   | Received a gift from Okawaru
 11457 | Lair:1   | Got a translucent hat {god gift}
 11463 | Lair:1   | Identified the +0 hat "Fiofuwko" {rC+ rN+ MR- Regen+}
                  | (Okawaru gifted it to you on level 1 of the Lair of Beasts)
 12092 | Lair:2   | Noticed an eight-headed hydra
 12100 | Lair:2   | Killed an eight-headed hydra
 12311 | Lair:2   | Noticed a six-headed hydra
 12319 | Lair:2   | Killed a six-headed hydra
 12374 | Lair:2   | Found a runed translucent gate.
 12375 | Lair:2   | Found a runed translucent gate.
 12376 | Lair:2   | Found a runed translucent gate.
 12377 | Lair:2   | Noticed Haraddelas's ghost (journeyman OpTm)
 12377 | Lair:2   | Noticed Pechyafi's ghost (journeyman DDEE)
 12378 | Lair:2   | Noticed Cato's ghost (journeyman DECj)
 12901 | Lair:3   | Reached skill level 15 in Axes
 13014 | Lair:3   | Found a staircase to the Snake Pit.
 13976 | Lair:4   | Found a staircase to the Shoals.
 14019 | Lair:4   | Found a runed translucent door.
 14020 | Lair:4   | Found a shimmering altar of Xom.
 14020 | Lair:4   | Noticed Nubia's ghost (journeyman GnEn)
 14021 | Lair:4   | Identified the +4 battleaxe of the Ten Lives {chaos,
                  | Fragile rElec rPois Str+4}
 14061 | Lair:4   | Received a gift from Okawaru
 14068 | Lair:4   | Reached XP level 13. HP: 86/117 MP: 15/17
 14804 | Lair:5   | Found a runed translucent gate.
 14804 | Lair:5   | Found a runed translucent gate.
 14807 | Lair:5   | Found a runed translucent gate.
 14809 | Lair:5   | Noticed Qoypruj's ghost (journeyman MiGl)
 15877 | Lair:6   | Entered Level 6 of the Lair of Beasts
 16421 | Lair:6   | Received a gift from Okawaru
 16438 | Lair:6   | Reached ****** piety under Okawaru
 16439 | Lair:6   | Got a steaming short sword {god gift}
 16490 | Lair:6   | Found a staircase to the Slime Pits.
 17484 | Lair:6   | Received a gift from Okawaru
 18139 | D:12     | Found a staircase to the Orcish Mines.
 18291 | D:12     | Reached XP level 14. HP: 122/127 MP: 19/19
 18487 | D:12     | Noticed Kirke
 18506 | D:12     | Killed Kirke
 18848 | D:13     | Found Lastrovaf's Antique Armour Emporium.
 18848 | D:13     | Found Efalurph's Jewellery Shop.
 18909 | D:13     | Bought a transparent plate armour for 728 gold pieces
 18909 | D:13     | Bought a large shield for 117 gold pieces
 18929 | D:13     | Identified the +6 plate armour "Kotet" {rC+ rN+} (You
                  | bought it in a shop on level 13 of the Dungeon)
 18977 | D:13     | Found Cepumeub's Book Shop.
 19054 | D:13     | Found Hiedd's Antique Armour Emporium.
 19076 | D:13     | Bought a pair of glowing boots for 210 gold pieces
 19076 | D:13     | Bought a distressingly furry cloak for 266 gold pieces
 19086 | D:13     | Identified the +0 cloak of Free Expression {rCorr Int+4}
                  | (You bought it in a shop on level 13 of the Dungeon)
 19182 | D:13     | Found a gate to the Vaults.
 19856 | D:14     | Received a gift from Okawaru
 19858 | D:14     | Got a brightly glowing buckler {god gift}
 19871 | D:14     | Identified the +0 buckler of Okawaru's Envy {MR++} (Okawaru
                  | gifted it to you on level 14 of the Dungeon)
 20520 | D:15     | Entered Level 15 of the Dungeon
 20553 | D:15     | Noticed Nessos
 20568 | D:15     | Killed Nessos
 20675 | D:15     | Found a gate leading to a gauntlet.
 20692 | Gauntlet | Entered a Gauntlet
 20692 | Gauntlet | Found a transporter.
 20692 | Gauntlet | Found a transporter.
 20692 | Gauntlet | Found a transporter.
 20967 | Gauntlet | Found a transporter.
 20968 | Gauntlet | Found a transporter.
 20971 | Gauntlet | Found a transporter.
 20977 | Gauntlet | Found a transporter.
 20980 | Gauntlet | Found a transporter.
 20982 | Gauntlet | Found a transporter.
 20982 | Gauntlet | Found a transporter.
 20989 | Gauntlet | Noticed a reaper
 20990 | Gauntlet | Found a transporter.
 20991 | Gauntlet | Found a transporter.
 21209 | Gauntlet | Got a crude bone amulet
 21235 | Gauntlet | Identified the amulet "Jetuc" {Faith rC+} (You found it in
                  | a Gauntlet)
 21242 | Gauntlet | Identified the cursed +0 chain mail of the Last Spirits
                  | {Dex+3}
 21262 | Gauntlet | Received a gift from Okawaru
 21486 | D:15     | Noticed Josephine
 21498 | D:15     | Killed Josephine
 21498 | D:15     | Reached XP level 15. HP: 138/138 MP: 20/20
 21727 | D:15     | Found a runed translucent gate.
 21727 | D:15     | Found a runed translucent gate.
 21730 | D:15     | Noticed Kosokkaobo's ghost (journeyman DsGl)
 21732 | D:15     | Found a runed translucent gate.
 21830 | D:15     | Found a staircase to the Depths.
 22028 | Orc:1    | Entered Level 1 of the Orcish Mines
 22142 | Orc:1    | Found a dark tunnel.
 22146 | Volcano  | Entered a volcano
 22273 | Volcano  | Found a radiant altar of Vehumet.
 22278 | Volcano  | Reached skill level 15 in Fighting
 22854 | Orc:2    | Entered Level 2 of the Orcish Mines
 23310 | Orc:2    | Found Jubuxeat's Weapon Boutique.
 23310 | Orc:2    | Found Xopnoxos's Assorted Antiques.
 23310 | Orc:2    | Found Ylotev's Distillery.
 23313 | Orc:2    | Found Gomozuwk's General Store.
 23413 | Orc:2    | Received a gift from Okawaru
 23414 | Orc:2    | Found the +27 Lear's hauberk
 23425 | Orc:2    | Reached skill level 15 in Armour
 23800 | Orc:2    | Reached skill level 15 in Shields
 23877 | Orc:2    | Found a staircase to the Elven Halls.
 24251 | D:13     | Bought the +0 mask of the Dragon {MR+ Slay+3 SInv} for 935
                  | gold pieces
 24251 | D:13     | Found the +0 mask of the Dragon {MR+ Slay+3 SInv}
 24380 | Snake:1  | Entered Level 1 of the Snake Pit
 25616 | Snake:2  | Reached XP level 16. HP: 109/155 MP: 21/21
 26160 | Snake:2  | Noticed Roxanne
 26219 | Snake:2  | Found a runed translucent door.
 26238 | Snake:2  | Received a gift from Okawaru
 26239 | Snake:2  | Got an ichor-stained war axe {god gift}
 26240 | Snake:2  | Identified the +11 war axe "Eryveg" {freeze, Str+3 Int+2}
                  | (Okawaru gifted it to you on level 2 of the Snake Pit)
 26824 | Snake:3  | Noticed Bai Suzhen
 26886 | Snake:3  | Slain by Bai Suzhen

Levels and vault maps discovered:
D:1:      wheals_arrival_linesprint, layout_basic
D:2:      layout_rooms, uniq_crazy_yiuf_cottage, uniq_robin
D:3:      layout_rooms, first_ration, minmay_goblin_kobold_house
D:4:      layout_loops_corners, gammafunk_ghost_stat_death,
          gup_sewer_entry_bowl, uniq_duvessa, uniq_menkaure
D:5:      layout_loops_ring, minitemple, kennysheep_generic_room_5, uniq_pikel,
          uniq_ijyb
D:6:      kennysheep_big_flooded_room, layout_loops_ring,
          makhleb_blood_cavern_becter, marbit_many_paths, uniq_edmund
D:7:      layout_cave_pools, minmay_temple_entry_proselytizer, bloody_trog
D:8:      layout_basic, chequers_ossuary_entry_cave
D:9:      layout_loops_ring, good_gods_temple_1, grunt_ogre_cave, uniq_psyche
D:10:     layout_stronghold, lightli_elemental_guards
D:11:     layout_loops_ring, david_lair_generic, serial_bayou_pond_e, uniq_urug
D:12:     layout_irregular_city, david_orc_2, uniq_kirke
D:13:     layout_long_grid, david_vaults_2, serial_shops, shop, shop, shop,
          nicolae_shop_trees
D:14:     layout_irregular_city, kennysheep_dice
D:15:     hangedman_depths_entry_try_elsewhere_first, layout_gridville,
          ebering_ghost_rock_garden, gauntlet_entry_generic,
          kennysheep_flooded_box, uniq_nessos, uniq_josephine
Temple:   jpeg_temple_alley_garden
Lair:1:   layout_cave_shapes, nzn_random_ring
Lair:2:   layout_regular_city, gammafunk_ghost_cemetery,
          infiniplex_staircase_pool_2
Lair:3:   layout_cave_pods, guppyfry_snake_entry_island, st_stairs_10
Lair:4:   layout_loops_ring, elwin_shoals_entry_rocks, ebering_ghost_xom
Lair:5:   wander_river, layout_cave_pods, ebering_ghost_rock_garden,
          nicolae_lair_yak_garden
Lair:6:   wormcave, layout_long_grid, hangedman_lair_tendril_chambers,
          minmay_slime_entry_eyes
Snake:1:  layout_onion
Snake:2:  cheibrodos_toxic_ritual, layout_misc_corridors, uniq_roxanne
Snake:3:  layout_cave_shapes, nicolae_snake_salamander_stairs, uniq_vashnia,
          uniq_bai_suzhen
Orc:1:    layout_caves, nicolae_volcano_entry_s_turn
Orc:2:    st_orc_mages, layout_diamond_mine

Skill      XL: |  1  2  3  4  5  6  7  8  9 10 11 12 13 14 15 16 |
---------------+-------------------------------------------------+-----
Axes           | 3 4 5 6 7 9 11 12 14 15 16 18 | 18.0
Armour         | 4 5 6 7 8 9 10 11 12 14 15 16 | 16.3
Fighting       | 4 5 6 7 8 9 10 11 12 14 17 18 | 18.3
Shields        | 4 5 6 7 8 9 10 11 12 14 15 16 | 16.2
Invocations    | 3 5 6 8 |  8.0

Action                   |  1- 3 |  4- 6 |  7- 9 | 10-12 | 13-15 | 16-18 || total
-------------------------+-------+-------+-------+-------+-------+-------++-------
Melee: War axe           |    80 |   198 |   357 |   588 |  1243 |   123 ||  2589
       Headbutt          |    12 |    19 |    69 |   142 |   288 |    36 ||   566
       Whip              |       |       |       |    20 |    45 |       ||    65
Invok: Heroism           |       |       |       |     6 |    14 |     4 ||    24
       Finesse           |       |       |       |       |     3 |       ||     3
Evoke: Wand              |       |       |       |       |     8 |     2 ||    10
  Use: Scroll            |       |     7 |    10 |     8 |     8 |     3 ||    36
       Potion            |       |       |     3 |       |     3 |     4 ||    10
  Eat: Chunk             |       |     6 |    11 |    23 |    31 |       ||    71
       Ration            |       |       |       |     1 |     2 |     1 ||     4
Armor: Scale mail        |    43 |    72 |   114 |       |       |       ||   229
       Plate armour      |       |       |    29 |   217 |   506 |    72 ||   824
Dodge: Dodged            |    31 |    79 |    93 |   163 |   215 |    26 ||   607
Block: Shield            |    40 |   105 |   173 |   292 |   279 |       ||   889
       Large shield      |       |       |       |       |   790 |   161 ||   951
